 Dungeon Crawl Stone Soup version 0.32-a0-913-g739538afd8 (webtiles) character file.

Game seed: 15645318888962453114

182 libidonplus the Ruffian (level 5, -1/28 HPs)
             Began as a Vine Stalker Fighter on Apr 8, 2024.
             Incinerated by a bombardier beetle (4 damage)
             ... with a burning spray
             ... on level 4 of the Dungeon.
             The game lasted 00:05:36 (3001 turns).

libidonplus the Ruffian (Vine Stalker Fighter)      Turns: 3001, Time: 00:05:36

Health: -1/28      AC:  8    Str: 20    XL:     5   Next: 62%
Magic:  0/6        EV:  8    Int:  8    God:
Gold:   205        SH:  5    Dex: 14    Spells: 4/4 levels left

rFire   . .          .
                       - Unarmed
rCold   . . .        b - +1 buckler
rNeg    . . .        a - +0 scale mail
rPois   .            d - +2 hood of the Assassin {Detect Stab+ Stlth++}
rElec   .            (no cloak)
rCorr   .            (no gloves)
SInv    .            (no boots)
Will    +....        (no amulet)
Stlth   +            j - ring of willpower
HPRegen 1.04/turn    (no ring)
MPRegen 0.10/turn

%: guardian spirit
@: on fire, glowing
A: fangs 2, regeneration 1, magic shield, antimagic bite, no potion heal 2
a: no special abilities


You were on level 4 of the Dungeon.
You visited 1 branch of the dungeon, and saw 4 of its levels.

You collected 205 gold pieces.

Inventory:

Missiles
 p - 10 poisoned darts (quivered)
Armour
 a - a +0 scale mail (worn)
 b - a +1 buckler (worn)
 d - the +2 hood of the Assassin (worn) {Detect Stab+ Stlth++}
   (You acquired it on level 3 of the Dungeon)

   Detect:    It allows the wearer to sense nearby creatures.
   Stab+:     It allows the wearer to make particularly effective stabbing
   attacks against helpless or unaware enemies with any weapon.
   Stlth++:   It makes you much more stealthy.
Jewellery
 j - a ring of willpower (left hand)
Talismans
 h - a flux talisman
Wands
 i - a wand of charming (8)
Scrolls
 g - a scroll of immolation
 l - a scroll of teleportation {unknown}
 q - a scroll of enchant armour
 s - a scroll of vulnerability {unknown}
Potions
 c - a potion of might
 e - a potion of lignification {unknown}
 f - 2 potions of curing {unknown}
 k - a potion of cancellation {unknown}
 m - a potion of ambrosia {unknown}
 n - a potion of degeneration {unknown}
 o - a potion of haste {unknown}
 r - a potion of brilliance {unknown}


   Skills:
 + Level 3.5 Fighting
 - Level 2.4 Armour
 + Level 3.1 Stealth
 - Level 2.6 Shields
 * Level 4.2 Unarmed Combat


You had 4 spell levels left.
You didn't know any spells.
Your spell library contained the following spells:

 Spells                   Type           Power      Damage    Failure   Level
 Sting                    Conj/Alch      0%         1d3       85%         1
 Mercury Vapours          Alch/Air       0%         N/A       94%         2
 Olgreb's Toxic Radiance  Alch           0%         N/A       100%        4


Dungeon Overview and Level Annotations

Branches:
Dungeon (4/15)
 Temple: D:4-7

Altars:
Gozag
Kikubaaqudgha

Annotations:
D:2 exclusion: downstairs


Innate Abilities, Weirdness & Mutations

You have extremely sharp teeth.
Your natural rate of healing is unusually fast.
When hurt, damage is shared between your health and your magic reserves.
Your bite disrupts and absorbs the magic of your enemies.
Potions cannot restore your health.


Message History

The liquid fire burns you!
You hit the bombardier beetle but do no damage.
You bite the bombardier beetle, but do no damage.
The bombardier beetle is severely wounded.
The liquid fire burns you!
The bombardier beetle sprays incendiary fluid at you.
The burning spray hits you.
You are even more covered in liquid fire!
You hit the bombardier beetle.
The bombardier beetle is almost dead.
The liquid fire burns you!
You hit the bombardier beetle. Your bite misses the bombardier beetle.
The bombardier beetle is almost dead.
The liquid fire burns you!
The bombardier beetle waves its antennae.
The bombardier beetle sprays incendiary fluid at you.
The burning spray hits you.
You are even more covered in liquid fire!
You hit the bombardier beetle.
You kill the bombardier beetle!
The liquid fire burns you!
Your Stealth skill increases to level 3!
No target in view!
You are on fire!
You are on fire!
You are on fire!
You are on fire!
The liquid fire burns you! The liquid fire burns you!
* * * LOW HITPOINT WARNING * * *
The liquid fire burns you!
* * * LOW HITPOINT WARNING * * *
The liquid fire burns you!
* * * LOW HITPOINT WARNING * * *
You shake off some of the fire as you move.
The liquid fire burns you!
* * * LOW HITPOINT WARNING * * *
You shake off some of the fire as you move.
The liquid fire burns you!
You die...

#.......# #.......#
##########.<###
#.............♣
#.############♣ #.# ..#
#.# #.# #.# #.# #.# #@#
#.# #.# #.# #?#
♣P≈~P~(..P
#.#.##.####.♣~~~~~P...~
#.#.........♣~~~P~.~..~
#.####.#####♣~~~P~~..~~
#.# #.# ~~~P~~..P #.#
#.## #♣~...~~
#.####..#.# #.~~..~♣


There were no monsters in sight!

Vanquished Creatures
  A bombardier beetle (D:4)
  Jessica (D:2)
  Ijyb (D:3)
  2 adders (D:3)
  4 dart slugs
  3 orcs (D:3)
  7 bats
  7 endoplasms
  4 giant cockroaches
  5 goblins
  3 jackals (D:3)
  7 quokkas
  6 ball pythons
  5 frilled lizards
  4 kobolds
  3 rats
63 creatures vanquished.

Notes
Turn   | Place    | Note
-------+----------+-------------------------------------------
     0 | D:1      | libidonplus the Vine Stalker Fighter began the quest for
                  | the Orb.
     0 | D:1      | Reached XP level 1. HP: 11/11 MP: 2/2
   162 | D:1      | Reached XP level 2. HP: 16/16 MP: 3/3
   203 | D:1      | Reached skill level 1 in Stealth
   340 | D:1      | Reached XP level 3. HP: 20/20 MP: 4/4
   725 | D:2      | Reached skill level 3 in Unarmed Combat
   922 | D:2      | Noticed Jessica
  1044 | D:2      | Killed Jessica
  1045 | D:2      | Reached XP level 4. HP: 24/24 MP: 5/5
  1098 | D:2      | You fall into a shaft and drop 2 floors!
  1734 | D:3      | Noticed Ijyb
  1862 | D:3      | Found an ancient bone altar of Kikubaaqudgha.
  1862 | D:3      | Found an opulent altar of Gozag.
  2094 | D:3      | Identified the +3 robe "Aski" {rElec rC- rCorr Str-4}
  2351 | D:3      | Identified a scroll of acquirement
  2351 | D:3      | Acquired the +2 hood of the Assassin {Detect Stab+ Stlth++}
  2351 | D:3      | Found the +2 hood of the Assassin {Detect Stab+ Stlth++}
  2563 | D:3      | Reached XP level 5. HP: 28/28 MP: 6/6
  2590 | D:3      | Found an ancient bone altar of Kikubaaqudgha.
  2590 | D:3      | Found an opulent altar of Gozag.
  2906 | D:3      | Killed Ijyb
  2907 | D:3      | Reached skill level 4 in Unarmed Combat
  3001 | D:4      | Incinerated by a bombardier beetle

Illustrated notes

Levels and vault maps discovered:
D:1:      lemuel_arrival_room, layout_loops_ring
D:2:      layout_basic, grunt_ministairs_5, uniq_jessica
D:3:      layout_loops_ring, gammafunk_temple_overflow_wave,
          minmay_misc_feat_doors, due_unseen_surprise, uniq_ijyb
D:4:      layout_basic, lemuel_crystal_altar, serial_bayou_ford_a

Skill      XL: |  1  2  3  4  5 |
---------------+----------------+-----
Stealth        | 1 2 3 |  3.1
Fighting       | 3 |  3.5
Unarmed Combat | 3 4 |  4.2
Armour         | |  2.4
Shields        | |  2.6

Action                     |  1- 3 |  4- 6 || total
---------------------------+-------+-------++-------
  Melee: Unarmed           |    89 |   114 ||   203
         Bite              |    20 |    31 ||    51
    Use: Scroll            |       |     5 ||     5
 Armour: Scale mail        |    40 |    66 ||   106
  Dodge: Dodged            |    33 |    13 ||    46
  Block: Buckler           |    14 |    17 ||    31

Table legend: (Time is in decaauts)
 A = Elapsed time spent in this place.
 B = Non-inter-level travel time spent in this place.
 C = Inter-level travel time spent in this place.
 D = Time resting spent in this place.
 E = Time spent auto-exploring this place.
 F = Levels seen in this place.
 G = Mean time per level.
                   A        B        C        D        E       F      G
               +--------+--------+--------+--------+--------+-----+--------+
         Total |   2996 |   2851 |    145 |      0 |   2322 |   4 |  749.0 |
       Dungeon |   2996 |   2851 |    145 |      0 |   2322 |   4 |  749.0 |
               +--------+--------+--------+--------+--------+-----+--------+

Top non-repeatable levels by time:
     D:3: 1155 daAuts
     D:2: 898 daAuts
     D:1: 670 daAuts
     D:4: 272 daAuts
